 Dungeon Crawl Stone Soup version 0.26-a0-1053-gaff5f71418 (webtiles) character file.

Game seed: 7598473737547523823

152247 Flubbersnuff the Bludgeoner (level 17, -1/238 HPs)
             Began as a Minotaur Berserker on Dec 12, 2020.
             Was the Champion of Trog.
             Slain by a naga warrior
             ... wielding a +0 trident
              (6 damage)
             ... on level 4 of the Snake Pit.
             The game lasted 01:38:14 (24244 turns).

Flubbersnuff the Bludgeoner (Minotaur Berserker)   Turns: 24244, Time: 01:38:14

Health: -1/238     AC: 17    Str: 35    XL:     17   Next: 2%
Magic:  2/16       EV: 26    Int:  4    God:    Trog [******]
Gold:   259        SH:  0    Dex: 18    Spells: 16/16 levels left

rFire    + + .     SeeInvis +   P - +2 battleaxe (flame)
rCold    . . .     Faith    .   (shield currently unavailable)
rNeg     + + .     Spirit   .   c - +4 scale mail {rPois}
rPois    +         Reflect  .   q - -2 hat of the Alchemist {rElec rPois rF+ rC+ rN+ Will+ rMut rCorr}
rElec    +         Harm     .   F - +1 cloak
rCorr    +         Rampage  .   l - +1 pair of gloves
rMut     +                      (no boots)
Will     +++..                  x - amulet of Plog {rN+ Regen+ Str+4 Dex+7}
Stlth    ..........             E - ring of Renent Ucla {Fire Will+ Str+3 SInv}
HPRegen  0.89/turn              u - +4 ring of evasion
MPRegen  0.15/turn

@: berserking (expiring), lethally poisoned (-1 -> -3), very quick
A: retaliatory headbutt, horns 2
a: Berserk, Trog's Hand, Brothers in Arms, Renounce Religion


You were on level 4 of the Snake Pit.
You worshipped Trog.
Trog was exalted by your worship.
You visited 5 branches of the dungeon, and saw 19 of its levels.
You also visited: Sewer and Ossuary.

You collected 2068 gold pieces.
You spent 1809 gold pieces at shops.

Inventory:

Hand Weapons
 a - the +7 great mace of Peace {flame, *Slow rElec Int+4}
   (Trog gifted it to you on level 9 of the Dungeon)

   It has been specially enchanted to burn those struck by it, causing extra
   injury to most foes and up to half again as much damage against particularly
   susceptible opponents.
   It affects your intelligence (+4).
   It insulates you from electricity.
   It may slow you when you take damage.
 b - a +2 war axe of electrocution
 P - a +2 battleaxe of flaming (weapon)
Armour
 c - a +4 scale mail of poison resistance (worn)
 k - a +3 plate armour of cold resistance
 l - a +1 pair of gloves (worn)
 n - a +3 leather armour of fire resistance
 q - the -2 hat of the Alchemist (worn) {rElec rPois rF+ rC+ rN+ Will+ rMut rCorr}
   (You bought it in a shop on level 3 of the Snake Pit)

   It protects you from fire.
   It protects you from cold.
   It insulates you from electricity.
   It protects you from poison.
   It protects you from negative energy.
   It affects your willpower, your defense against some magical effects.
   It provides partial protection from all sources of acid and corrosion.
   It protects you from mutation.
 F - a +1 cloak (worn)
Jewellery
 f - a +6 ring of dexterity
 j - an uncursed amulet of the acrobat
 u - a +4 ring of evasion (right hand)
 x - the amulet of Plog (around neck) {rN+ Regen+ Str+4 Dex+7}
   (You took it off a gnoll on level 7 of the Dungeon)

   [amulet of regeneration]

   It affects your strength (+4).
   It affects your dexterity (+7).
   It protects you from negative energy.
   It increases your rate of regeneration.
 E - the ring of Renent Ucla (left hand) {Fire Will+ Str+3 SInv}
   (You acquired it on level 9 of the Dungeon)

   [ring of fire]

   It enhances your fire magic.
   It affects your strength (+3).
   It protects you from fire.
   It makes you vulnerable to cold.
   It affects your willpower, your defense against some magical effects.
   It lets you see invisible.
 I - an uncursed ring of protection from cold
Wands
 r - a wand of disintegration (50)
 A - a wand of flame (45)
 G - a wand of polymorph (14)
 H - a wand of iceblast (23)
 K - a wand of enslavement (10)
 L - a wand of digging (1)
 N - a wand of paralysis (5)
Scrolls
 d - 3 scrolls of identify
 h - 8 scrolls of remove curse
 p - 3 scrolls of blinking
 w - 8 scrolls of teleportation
 y - 4 scrolls of magic mapping
 C - a scroll of enchant armour
 D - 5 scrolls of enchant weapon
 O - a scroll of brand weapon
Potions
 e - 7 potions of lignification
 g - 5 potions of might
 i - 10 potions of curing
 m - 3 potions of heal wounds
 o - 4 potions of cancellation
 s - 5 potions of invisibility
 v - 3 potions of flight
 z - 2 potions of haste
 J - a potion of berserk rage
 M - a potion of resistance


   Skills:
 + Level 16.4 Fighting
 - Level 12.9(17.2) Axes
 - Level 18.7(20.0) Maces & Flails
 + Level 16.2 Armour
 + Level 15.1 Dodging


You had 16 spell levels left.
You didn't know any spells.
Your spell library was empty.

Dungeon Overview and Level Annotations

Branches:
Dungeon (9/15)             Temple (1/1) D:5            Lair (3/6) D:9
 Shoals (0/4) Lair:3        Snake (4/4) Lair:2          Orc (2/2) D:9
    Elf (0/3) Orc:2         Sewer (visited)         Ossuary (visited)

Altars:
Ashenzari
Cheibriados
Dithmenos
Elyvilon
Fedhas
Gozag
Hepliaklqana
Kikubaaqudgha
Makhleb
Nemelex Xobeh
Okawaru
Qazlal
Ru
Sif Muna
Trog
Uskayaw
Vehumet
Wu Jian
Xom
Yredelemnul
Zin
The Shining One

Shops:
D:6 (   D:9 !   Orc:1 [   Orc:2 ?[?!   Snake:3 [[


Innate Abilities, Weirdness & Mutations

You reflexively headbutt those who attack you in melee.
You have a pair of horns on your head.


Message History

You have reached level 17!
You feel sick.
The nagaraja hits you but does no damage.
The nagaraja grabs you. The nagaraja constricts you.
A black mamba comes into view.
The naga warrior spits poison at you. The splash of poison hits you.
You resist.
* * * LOW HITPOINT WARNING * * *
The nagaraja's grasp on you weakens, but your attempt to escape fails.
You feel a strong urge to attack something.
You feel sick.
The guardian serpent coils itself and waves its upper body at you.
The bolt of poison hits the guardian serpent. x2
The bolt of poison misses you. The guardian serpent hits you.
* * * LOW HITPOINT WARNING * * *
You hear a shout!
A mana viper comes into view.
You escape the nagaraja's grasp.
You feel sick.
The naga warrior hits you with a +0 trident.
You die...

..........##.........##..........
........##.............##........
.......#.................#.......
......#..........##.......#......
...............<..........#......
..)...#.........<.........#......
......#...................#......
.......#.................#.......
.......#........@........#.......
#.......#......N........#........
##.##....##....NSN....##.......##
#####..######.)S).#######.#####
###)### ###


#SNN# ##)## NSS .SNS. You could see a naga warrior (catching breath), 2
nagarajas, a naga ritualist (catching breath), 4 guardian serpents, a black
mamba, a naga mage (fast) and a naga.

Vanquished Creatures
  Saint Roka (Snake:1)
  Jorgrun (Snake:3)
  Kirke (Snake:3)
  15 nagarajas
  Roxanne (Snake:3)
  An orc warlord (Orc:1)
  11 naga warriors
  2 hydras
  12 anacondas
  Harold (D:7)
  4 two-headed ogres
  Urug (Orc:2)
  An orc high priest (Orc:2)
  12 naga sharpshooters
  4 shock serpents
  The ghost of p0werm0de the Cleaver, a novice DDFi (D:7)
  2 salamander mystics
  10 sea snakes (Snake:2)
  17 naga ritualists
  4 orc knights
  18 mana vipers
  9 orc sorcerers
  15 salamanders
  Maurice (D:8)
  57 black mambas
  Joseph (Lair:1)
  12 guardian serpents
  4 elephants (Lair:3)
  20 naga magi
  A torpor snail (Lair:2)
  5 cane toads
  3 komodo dragons
  4 merfolk (Lair:3)
  2 polar bears (Lair:3)
  5 blink frogs (Lair:2)
  A spriggan (Lair:3)
  34 yaks
  2 basilisks
  3 wyverns (Lair:2)
  A hog (Snake:3)
  Eustachio (D:5)
  3 wargs
  50 nagas
  2 water moccasins
  4 sky beasts
  3 phantoms
  2 ice beasts
  A black bear (Lair:3)
  31 orc warriors
  13 ogres
  12 wolves
  3 centaurs
  9 bullfrogs
  A wyvern zombie (D:7)
  4 gnoll sergeants (D:7)
  2 scorpions
  3 killer bees (D:6)
  3 wights (D:9)
  4 howler monkeys
  2 bullfrog zombies
  A gnoll shaman (D:7)
  5 hounds
  2 jellies
  34 orc priests
  A centaur skeleton (D:5)
  5 iguanas
  40 orc wizards
  6 worker ants
  A hound zombie (D:7)
  9 mummies
  11 gnolls
  14 adders
  5 shadow imps
  3 white imps (D:7)
  An ufetubus (D:6)
  17 oozes (Sewer)
  An adder skeleton (D:4)
  5 worms
  2 dart slugs (D:1)
  15 leopard geckos
  131 orcs
  5 bats
  18 giant cockroaches
  A gnoll zombie (Ossuary)
  5 goblins
  3 hobgoblins
  7 jackals
  6 kobolds
  6 quokkas
  12 ball pythons
  16 frilled lizards
  3 hobgoblin zombies
  A jackal skeleton (D:5)
  6 orc zombies
  A quokka zombie (D:5)
  4 rats
856 creatures vanquished.

Vanquished Creatures (collateral kills)
  A naga mage (Snake:1)
  A naga (Snake:1)
2 creatures vanquished.

Vanquished Creatures (others)
  A nagaraja (Snake:4)
  A salamander (Snake:3)
  A guardian serpent (Snake:4)
  3 humans (Snake:3)
  An orc (Orc:2)
  A bush (Lair:3)
  8 fungi
  60 plants
76 creatures vanquished.

Grand Total: 934 creatures vanquished

Notes
Turn   | Place    | Note
-------+----------+-------------------------------------------
     0 | D:1      | Flubbersnuff the Minotaur Berserker began the quest for the
                  | Orb.
     0 | D:1      | Reached XP level 1. HP: 19/19 MP: 0/0
   180 | D:1      | Reached XP level 2. HP: 27/27 MP: 1/1
   272 | D:1      | Reached XP level 3. HP: 31/33 MP: 2/2
   799 | D:2      | Reached ** piety under Trog
   800 | D:2      | Reached XP level 4. HP: 23/40 MP: 3/3
  1406 | D:2      | Reached skill level 5 in Axes
  1834 | D:3      | Found a glowing silver altar of Zin.
  2134 | D:3      | Reached XP level 5. HP: 37/47 MP: 4/4
  3099 | D:4      | Noticed an ogre
  3103 | D:4      | Killed an ogre
  3103 | D:4      | Reached *** piety under Trog
  3104 | D:4      | Reached XP level 6. HP: 40/55 MP: 5/5
  3228 | D:4      | Reached skill level 5 in Fighting
  3333 | D:4      | Found a glowing golden altar of the Shining One.
  3404 | D:4      | Found a glowing drain.
  3418 | Sewer    | Entered a sewer
  3447 | Sewer    | Reached XP level 7. HP: 56/61 MP: 6/6
  3597 | Sewer    | Reached **** piety under Trog
  3824 | D:4      | Reached skill level 5 in Armour
  3914 | D:5      | Entered Level 5 of the Dungeon
  3995 | D:5      | Noticed Eustachio
  4008 | D:5      | Reached ***** piety under Trog
  4024 | D:5      | Killed Eustachio
  4025 | D:5      | Reached XP level 8. HP: 9/70 MP: 7/7
  4055 | D:5      | Reached skill level 5 in Dodging
  4187 | D:5      | Found a radiant altar of Vehumet.
  4213 | D:5      | Found a staircase to the Ecumenical Temple.
  4489 | D:5      | Found a stormy altar of Qazlal.
  4551 | D:5      | Found a sand-covered staircase.
  4557 | Ossuary  | Entered an ossuary
  4825 | D:5      | Found a shadowy altar of Dithmenos.
  4838 | D:5      | Received a gift from Trog
  4854 | D:5      | Found a shimmering altar of Xom.
  5109 | Temple   | Entered the Ecumenical Temple
  5668 | D:6      | Found a sacrificial altar of Ru.
  5737 | D:6      | Found a sparkling altar of Nemelex Xobeh.
  5944 | D:6      | Reached XP level 9. HP: 72/79 MP: 8/8
  6222 | D:6      | Found Ruzoloxt's Weapon Shoppe.
  6536 | D:6      | Reached skill level 10 in Axes
  6674 | D:7      | Noticed Harold
  6695 | D:7      | Killed Harold
  6969 | D:7      | Found a transporter.
  7007 | D:7      | Received a gift from Trog
  7008 | D:7      | Reached XP level 10. HP: 90/90 MP: 9/9
  7178 | D:7      | Identified the amulet of Plog {rN+ Regen+ Str+4 Dex+7}
  7248 | D:7      | Identified the +3 ring mail "Litetiokh" {rF++ rC+ Int-3
                  | Dex+4}
  7263 | D:7      | Found a transporter.
  7326 | D:7      | Noticed p0werm0de's ghost (novice DDFi)
  7380 | D:7      | Killed p0werm0de's ghost
  8350 | D:8      | Noticed a two-headed ogre
  8356 | D:8      | Killed a two-headed ogre
  8893 | D:8      | Noticed Maurice
  8904 | D:8      | Killed Maurice
  8941 | D:8      | Noticed a two-headed ogre
  8946 | D:8      | Killed a two-headed ogre
  9680 | D:9      | Received a gift from Trog
  9687 | D:9      | Got a masterwork great mace {god gift}
  9687 | D:9      | Identified the +7 great mace of Peace {flame, *Slow rElec
                  | Int+4} (Trog gifted it to you on level 9 of the Dungeon)
  9695 | D:9      | Identified a scroll of acquirement
  9695 | D:9      | Acquired the ring of Renent Ucla {Fire Will+ Str+3 SInv}
  9804 | D:9      | Noticed a two-headed ogre
  9812 | D:9      | Killed a two-headed ogre
  9813 | D:9      | Reached skill level 1 in Maces & Flails
  9813 | D:9      | Reached XP level 11. HP: 90/99 MP: 10/10
  9840 | D:9      | Reached skill level 2 in Maces & Flails
  9915 | D:9      | Found a staircase to the Orcish Mines.
  9924 | D:9      | Reached skill level 10 in Fighting
  9969 | D:9      | Noticed a two-headed ogre
  9978 | D:9      | Killed a two-headed ogre
  9979 | D:9      | Reached skill level 3 in Maces & Flails
 10107 | D:9      | Found Vepli's Distillery.
 10115 | D:9      | Bought a potion of heal wounds for 80 gold pieces
 10205 | D:9      | Found a staircase to the Lair.
 10240 | D:9      | Reached skill level 4 in Maces & Flails
 10532 | Lair:1   | Entered Level 1 of the Lair of Beasts
 10547 | Lair:1   | Noticed Joseph
 10556 | Lair:1   | Killed Joseph
 10665 | Lair:1   | Reached skill level 10 in Armour
 10734 | Lair:1   | Reached skill level 5 in Maces & Flails
 11180 | Lair:1   | Noticed a four-headed hydra
 11188 | Lair:1   | Killed a four-headed hydra
 11189 | Lair:1   | Reached skill level 6 in Maces & Flails
 11914 | Lair:2   | Reached skill level 7 in Maces & Flails
 11932 | Lair:2   | Reached ****** piety under Trog
 12107 | Lair:2   | Reached XP level 12. HP: 69/110 MP: 11/11
 12203 | Lair:2   | Found a staircase to the Snake Pit.
 12220 | Lair:2   | Reached skill level 10 in Dodging
 12243 | Lair:2   | Reached skill level 8 in Maces & Flails
 12491 | Lair:2   | Noticed a seven-headed hydra
 12498 | Lair:2   | Killed a seven-headed hydra
 12898 | Lair:2   | Reached skill level 9 in Maces & Flails
 13306 | Lair:3   | Received a gift from Trog
 13419 | Lair:3   | Reached skill level 10 in Maces & Flails
 13518 | Lair:3   | Found a staircase to the Shoals.
 14247 | Orc:1    | Entered Level 1 of the Orcish Mines
 14379 | Orc:2    | Entered Level 2 of the Orcish Mines
 14440 | Orc:2    | Reached skill level 11 in Maces & Flails
 14440 | Orc:2    | Reached XP level 13. HP: 107/118 MP: 12/12
 14443 | Orc:2    | Noticed an orc warlord
 14583 | Orc:1    | Killed an orc warlord
 14722 | Orc:2    | Found a staircase to the Elven Halls.
 14838 | Orc:2    | Noticed Urug
 14847 | Orc:2    | Killed Urug
 15341 | Orc:2    | Found Ysoelaaxt's Magic Scroll Shoppe.
 15341 | Orc:2    | Found Isasmeyd's Antique Armour Shoppe.
 15346 | Orc:2    | Found Heegesa's Distillery.
 15360 | Orc:2    | Found Neboheta's Magic Scroll Emporium.
 15363 | Orc:2    | Bought a scroll of identify for 28 gold pieces
 15387 | Orc:2    | Reached skill level 12 in Maces & Flails
 15423 | Orc:2    | Bought a potion of degeneration for 13 gold pieces
 15429 | Orc:2    | Bought a scroll of identify for 32 gold pieces
 15429 | Orc:2    | Bought a scroll of identify for 32 gold pieces
 15429 | Orc:2    | Bought a scroll of identify for 32 gold pieces
 16251 | Orc:1    | Found Dinehoegg's Armour Shoppe.
 16572 | Snake:1  | Entered Level 1 of the Snake Pit
 17077 | Snake:1  | You fall into a shaft and drop 1 floor!
 17093 | Snake:2  | Reached skill level 13 in Maces & Flails
 17206 | Snake:2  | Received a gift from Trog
 17206 | Snake:2  | Noticed a nagaraja
 17224 | Snake:2  | Killed a nagaraja
 17225 | Snake:2  | Reached XP level 14. HP: 119/129 MP: 13/13
 17673 | Snake:1  | Reached skill level 14 in Maces & Flails
 18221 | Snake:1  | Noticed a nagaraja
 18240 | Snake:1  | Killed a nagaraja
 18440 | Snake:1  | Reached skill level 15 in Maces & Flails
 18448 | Snake:1  | Received a gift from Trog
 18800 | Snake:1  | Reached XP level 15. HP: 134/139 MP: 14/14
 19434 | Snake:2  | Noticed Saint Roka
 19950 | Snake:1  | Killed Saint Roka
 20015 | Snake:2  | Reached skill level 16 in Maces & Flails
 20885 | Snake:3  | Found Zuvan's Armour Shop.
 20899 | Snake:3  | Bought the -2 hat of the Alchemist {rElec rPois rF+ rC+ rN+
                  | Will+ rMut rCorr} for 708 gold pieces
 20899 | Snake:3  | Found the -2 hat of the Alchemist {rElec rPois rF+ rC+ rN+
                  | Will+ rMut rCorr}
 20899 | Snake:3  | Found Yrok's Antique Armour Boutique.
 20946 | Snake:3  | Reached skill level 15 in Fighting
 20986 | Snake:3  | Bought a runed plate armour for 884 gold pieces
 21022 | Snake:3  | Received a gift from Trog
 21041 | Snake:3  | Noticed Kirke
 21365 | Snake:3  | Killed Kirke
 21366 | Snake:3  | Reached skill level 15 in Armour
 21628 | Snake:3  | Noticed Roxanne
 21641 | Snake:3  | Killed Roxanne
 21778 | Snake:3  | Noticed Jorgrun
 21790 | Snake:3  | Killed Jorgrun
 21791 | Snake:3  | Reached skill level 17 in Maces & Flails
 21946 | Snake:3  | Reached XP level 16. HP: 113/149 MP: 15/15
 22711 | Snake:4  | Entered Level 4 of the Snake Pit
 22716 | Snake:3  | Received a gift from Trog
 23333 | Snake:4  | Reached skill level 18 in Maces & Flails
 23611 | Snake:4  | Received a gift from Trog
 24233 | Snake:4  | Reached skill level 15 in Dodging
 24242 | Snake:4  | Reached XP level 17. HP: 13/159 MP: 2/16
 24242 | Snake:4  | HP: 11/238 [naga warrior/splash of poison (2)]
 24244 | Snake:4  | HP: 5/238 [poisoned by a naga warrior (splash of poison)]
 24244 | Snake:4  | Slain by a naga warrior

Illustrated notes

Levels and vault maps discovered:
D:1:      roderic_dead_forest, layout_rooms
D:2:      layout_loops_ring, patterned_corridor
D:3:      layout_basic, overflow_temple_1_default, grunt_decor_junction
D:4:      layout_basic, old_standard_altar, gup_sewer_entry_pipe
D:5:      layout_rooms, vehumet_crystals, old_standard_altar,
          nicolae_qazlal_general_emergency, grunt_dithmenos_smoke,
          minmay_temple_entry_ruins, nicolae_ossuary_entry_giza, uniq_eustachio
D:6:      layout_loops_corners, marbit_many_paths, serial_shops,
          kennysheep_mini, minmay_ruined_shrine
D:7:      layout_cave_pools, gammafunk_ghost_gnarly_gnolls, uniq_harold
D:8:      layout_basic, special_room [special_room_orc], uniq_maurice
D:9:      layout_loops_ring, lair_entry_dummy, hiddenorc2_lemuel, serial_shops,
          shop, minmay_misc_feat_rows
Temple:   regret_index_temple_waves
Lair:1:   layout_layer_cave, uniq_joseph
Lair:2:   layout_chaotic_city, guppyfry_snake_entry_island,
          bh_autumn_forest_stairs
Lair:3:   layout_chaotic_city, elwin_shoals_entry_stream,
          chequers_serial_rivers_small_a, nicolae_quartered_pool_little,
          grunt_forest_stairs_clearing, grunt_megastairs_5
Snake:1:  kennysheep_snake, layout_concentric_octagons, st_stairs_4
Snake:2:  layout_rooms, serial_bayou_lagoon_b, grunt_megastairs_4,
          uniq_saint_roka
Snake:3:  layout_onion, serial_bayou_shore_b, lemuel_fruit_tree,
          serial_bayou_shore_a, minmay_shoptagon, uniq_roxanne, uniq_jorgrun,
          uniq_kirke
Snake:4:  snake_hunt, layout_cave_town, grunt_ministairs_7,
          nicolae_snake_round_shape_thing
Orc:1:    layout_caves, serial_shops, shop
Orc:2:    st_orc_mages, layout_caves, uniq_urug

Skill      XL: |  1  2  3  4  5  6  7  8  9 10 11 12 13 14 15 16 |
---------------+-------------------------------------------------+-----
Axes           | 4 5 6 8 9 11 12 | 12.9
Fighting       | 4 5 6 7 8 9 11 12 13 14 15 16 | 16.4
Armour         | 3 4 5 6 8 9 10 12 13 14 15 16 | 16.2
Dodging        | 3 4 6 7 8 9 11 12 13 14 15 | 15.1
Maces & Flails | 1 7 11 13 15 17 18 | 18.7

Action                   |  1- 3 |  4- 6 |  7- 9 | 10-12 | 13-15 | 16-18 || total
-------------------------+-------+-------+-------+-------+-------+-------++-------
Melee: Hand axe          |    55 |   118 |   120 |       |       |       ||   293
       Headbutt          |    14 |    33 |    78 |   117 |   189 |    67 ||   498
       Halberd           |       |     7 |       |       |       |       ||     7
       War axe           |       |       |   185 |    48 |    21 |       ||   254
       Broad axe         |       |       |       |    92 |       |    15 ||   107
       Great mace        |       |       |       |   316 |   659 |   170 ||  1145
       Battleaxe         |       |       |       |       |       |    24 ||    24
Invok: Berserk           |     1 |       |     2 |     6 |    12 |     2 ||    23
       Trog's Hand       |       |       |     1 |       |     1 |       ||     2
       Brothers in Arms  |       |       |       |       |     1 |       ||     1
Evoke: Wand              |       |       |       |       |     2 |     1 ||     3
  Use: Scroll            |       |     3 |     2 |    14 |     9 |     1 ||    29
       Potion            |       |       |       |       |     2 |       ||     2
 Stab: Sleeping          |       |     1 |       |       |       |       ||     1
Armor: Ring mail         |    17 |    10 |    27 |       |       |       ||    54
       Leather armour    |       |    13 |    13 |       |       |       ||    26
       Plate armour      |       |       |    53 |   207 |    80 |       ||   340
       Scale mail        |       |       |       |       |   134 |    60 ||   194
Dodge: Dodged            |    33 |    70 |   215 |   390 |   604 |   230 ||  1542

Table legend: (Time is in decaauts)
 A = Elapsed time spent in this place.
 B = Non-inter-level travel time spent in this place.
 C = Inter-level travel time spent in this place.
 D = Time resting spent in this place.
 E = Time spent auto-exploring this place.
 F = Levels seen in this place.
 G = Mean time per level.
                   A        B        C        D        E       F      G
               +--------+--------+--------+--------+--------+-----+--------+
         Total |  24539 |  23067 |   1472 |   6116 |  11019 |  21 | 1168.5 |
       Dungeon |  10063 |   9361 |    702 |   1617 |   6035 |   9 | 1118.1 |
        Temple |    128 |     78 |     50 |      0 |     75 |   1 |  128.0 |
          Lair |   3897 |   3618 |    279 |    746 |   2236 |   3 | 1299.0 |
     Snake Pit |   7361 |   7090 |    271 |   3091 |   1547 |   4 | 1840.2 |
  Orcish Mines |   2430 |   2262 |    168 |    529 |   1036 |   2 | 1215.0 |
         Sewer |    392 |    392 |      0 |     47 |      1 |   1 |  392.0 |
       Ossuary |    265 |    265 |      0 |     84 |     87 |   1 |  265.0 |
               +--------+--------+--------+--------+--------+-----+--------+

Top non-repeatable levels by time:
 Snake:1: 2449 daAuts
 Snake:2: 1896 daAuts
 Snake:3: 1655 daAuts
   Orc:2: 1531 daAuts
     D:7: 1489 daAuts
  Lair:2: 1431 daAuts
 Snake:4: 1360 daAuts
     D:6: 1349 daAuts
  Lair:1: 1313 daAuts
     D:2: 1307 daAuts
     D:3: 1252 daAuts
     D:5: 1224 daAuts
     D:9: 1221 daAuts
     D:8: 1177 daAuts
  Lair:3: 1151 daAuts
